 Dungeon Crawl Stone Soup version 0.27-a0-679-g77a6b55cf3 (webtiles) character file.

Game seed: 2512792185533696018

387 jestyr24 the Skirmisher (level 6, -2/66 HPs)
             Began as an Ogre Arcane Marksman on Mar 19, 2021.
             Slain by a goblin
             ... wielding a +0 dagger
              (4 damage)
             ... on level 2 of the Dungeon.
             The game lasted 00:10:13 (3744 turns).

jestyr24 the Skirmisher (Ogre Arcane Marksman)      Turns: 3744, Time: 00:10:15

Health: -2/66      AC:  3    Str: 16    XL:     6   Next: 78%
Magic:  8/8        EV: 10    Int: 14    God:
Gold:   79         SH:  0    Dex: 10    Spells: 6/7 levels left

rFire    . . .     SeeInvis .   g - +0 long sword
rCold    . . .     Faith    .   (no shield)
rNeg     . . .     Spirit   .   a - +0 robe
rPois    .         Reflect  .   (helmet restricted)
rElec    .         Harm     .   (no cloak)
rCorr    .         Rampage  .   (gloves unavailable)
Will     .....                  (boots unavailable)
Stlth    +.........             (no amulet)
HPRegen  0.21/turn              (no ring)
MPRegen  0.11/turn              (no ring)

@: no status effects
A: large, unfitting armour, tough skin 1
a: no special abilities


You were on level 2 of the Dungeon.
You visited 1 branch of the dungeon, and saw 3 of its levels.

You collected 79 gold pieces.

Inventory:

Hand Weapons
 b - a +0 spear
 g - a +0 long sword (weapon)
Missiles
 c - 4 large rocks
 d - 2 throwing nets
 e - 39 poisoned darts
 f - 59 stones (quivered)
Armour
 a - a +0 robe (worn)
Wands
 h - a wand of random effects (18)
Scrolls
 j - 2 scrolls of identify {unknown}
 k - a scroll of enchant weapon {unknown}
 l - a scroll of noise {unknown}
Potions
 i - 2 potions of magic {unknown}


   Skills:
 + Level 5.3 Fighting
 + Level 3.1 Throwing
 - Level 1.9 Dodging
 + Level 1.4 Spellcasting
 + Level 5.0 Hexes


You had 6 spell levels left.
You knew the following spells:

 Your Spells              Type           Power      Damage    Failure   Level
a - Corona                Hex            16%        N/A       3%          1

Your spell library contained the following spells:

 Spells                   Type           Power      Damage    Failure   Level
 Slow                     Hex            15%        N/A       4%          2
 Inner Flame              Hex/Fire       8%         N/A       26%         3
 Portal Projectile        Hex/Tloc       16%        N/A       26%         3
 Cause Fear               Hex            7%         N/A       32%         4
 Leda's Liquefaction      Hex/Erth       4%         N/A       65%         4


Dungeon Overview and Level Annotations

Branches:
Dungeon (3/15)

Altars:


Innate Abilities, Weirdness & Mutations

You are too large for most types of armour.
You have tough skin. (AC +1)


Message History

The hobgoblin is severely wounded.
The hobgoblin barely misses you.
You riposte.
You barely miss the hobgoblin.
The hobgoblin is severely wounded.
The goblin hits you with a +0 club.
You closely miss the hobgoblin.
The hobgoblin is severely wounded.
The goblin hits you but does no damage. The hobgoblin hits you with a +0 club.
The goblin completely misses you.
You riposte.
You slash the goblin!
You kill the goblin!
The goblin closely misses you.
You riposte.
You closely miss the goblin. You closely miss the goblin.
The hobgoblin hits you with a +0 club. The goblin barely misses you.
You riposte.
You slash the goblin!
You kill the goblin!
The goblin unwields a +0 hunting sling.
The goblin wields a +0 dagger of holy wrath.
It softly glows with a divine radiance!
The goblin hits you with a +0 dagger of holy wrath.
The hobgoblin hits you with a +0 club! The goblin hits you with a +0 dagger.
* * * LOW HITPOINT WARNING * * *
The goblin hits you with a +0 dagger.
* * * LOW HITPOINT WARNING * * *
The goblin barely misses you. The hobgoblin hits you with a +0 club.
* * * LOW HITPOINT WARNING * * *
You climb upwards.
There is a stone staircase leading down here.
You hit the goblin.
You kill the goblin!
The goblin misses you. The goblin closely misses you.
You riposte.
You closely miss the goblin. The hobgoblin hits you with a +0 club.
* * * LOW HITPOINT WARNING * * *
The goblin hits you but does no damage. The goblin barely misses you.
You hit the goblin.
The goblin is heavily wounded.
The hobgoblin hits you with a +0 club.
* * * LOW HITPOINT WARNING * * *
The goblin hits you with a +0 dagger.
* * * LOW HITPOINT WARNING * * *
The goblin hits you with a +0 dagger.
You die...

#.##.####........# #.#
#......†...####### #.#
###÷######.# #.# #.# #.# #.#
#.# ##'## #.### #.# ##...##
#...# ####.# ##.....## ###.#
##....###...g...## ##.#.#
##...####..g@.....####....###
#.......'...g)....'..........
##...####......(..####.....##
##..# ##.......## ##.##.#
##.# ##.....## ####.# #.#
##...## ####.## #.# ##'##
#...... #.# #.# #......
#.###### #.#########..♣.♣.


You could see a hobgoblin and 2 goblins.

Vanquished Creatures
  Sigmund (D:2)
  A hound (D:3)
  Natasha (thrice) (D:2)
  6 adders (D:2)
  2 dart slugs (D:1)
  2 leopard geckos
  10 bats
  4 giant cockroaches
  9 goblins
  10 hobgoblins
  2 jackals (D:2)
  3 quokkas (D:1)
  A frilled lizard (D:1)
  5 kobolds
  5 rats
64 creatures vanquished.

Notes
Turn   | Place    | Note
-------+----------+-------------------------------------------
     0 | D:1      | jestyr24 the Ogre Arcane Marksman began the quest for the
                  | Orb.
     0 | D:1      | Reached XP level 1. HP: 19/19 MP: 2/2
     0 | D:1      | Noticed a minotaur
     1 | D:1      | Noticed a human
     4 | D:1      | Noticed an octopode
     6 | D:1      | Noticed a felid
     7 | D:1      | Noticed a vine stalker
     8 | D:1      | Noticed a spriggan
     9 | D:1      | Noticed a dwarf
    11 | D:1      | Noticed a felid
    13 | D:1      | Noticed an octopode
    15 | D:1      | Noticed an ogre
    17 | D:1      | Noticed a gargoyle
    17 | D:1      | Noticed a naga
    17 | D:1      | Noticed a draconian
    19 | D:1      | Noticed a gargoyle
   234 | D:1      | Reached XP level 2. HP: 8/27 MP: 3/3
  1005 | D:1      | Reached XP level 3. HP: 25/35 MP: 4/4
  1980 | D:2      | Reached XP level 4. HP: 36/44 MP: 5/5
  2410 | D:2      | Noticed Natasha
  2415 | D:2      | Killed Natasha
  2735 | D:2      | Reached XP level 5. HP: 26/53 MP: 6/6
  3115 | D:2      | Noticed Sigmund
  3123 | D:2      | Killed Sigmund
  3124 | D:2      | Reached XP level 6. HP: 63/63 MP: 6/8
  3220 | D:2      | Noticed Natasha
  3235 | D:2      | Killed Natasha
  3659 | D:2      | Noticed Natasha
  3666 | D:2      | Killed Natasha
  3667 | D:2      | Reached skill level 5 in Fighting
  3713 | D:3      | Reached skill level 5 in Hexes
  3744 | D:2      | HP: 2/66 [goblin/+0 dagger (5)]
  3744 | D:2      | Slain by a goblin

Illustrated notes

Levels and vault maps discovered:
D:1:      shiori_arrival_whats_in_store_for_you, layout_basic
D:2:      layout_loops_corners, chequers_garden, uniq_natasha, uniq_sigmund
D:3:      layout_rooms, chequers_temple_overflow_statue_of_worship,
          minmay_goblin_outpost

Skill      XL: |  1  2  3  4  5  6 |
---------------+-------------------+-----
Hexes          | 3 4 5 |  5.0
Fighting       | 2 3 4 5 |  5.3
Throwing       | 3 |  3.1
Dodging        | |  1.9
Spellcasting   | |  1.4

Action                   |  1- 3 |  4- 6 || total
-------------------------+-------+-------++-------
Melee: Spear             |    40 |       ||    40
       Long sword        |    66 |   114 ||   180
Throw: Stone             |       |     7 ||     7
       Large rock        |       |     4 ||     4
  Use: Potion            |       |     2 ||     2
 Stab: Sleeping          |     1 |       ||     1
Armor: Robe              |    45 |    32 ||    77
       Skin              |       |    11 ||    11
Dodge: Dodged            |    71 |    92 ||   163
       Rpst.: Long sword |    18 |    32 ||    50

Table legend: (Time is in decaauts)
 A = Elapsed time spent in this place.
 B = Non-inter-level travel time spent in this place.
 C = Inter-level travel time spent in this place.
 D = Time resting spent in this place.
 E = Time spent auto-exploring this place.
 F = Levels seen in this place.
 G = Mean time per level.
                   A        B        C        D        E       F      G
               +--------+--------+--------+--------+--------+-----+--------+
         Total |   3827 |   3807 |     20 |   1182 |   1941 |   3 | 1275.7 |
       Dungeon |   3827 |   3807 |     20 |   1182 |   1941 |   3 | 1275.7 |
               +--------+--------+--------+--------+--------+-----+--------+

Top non-repeatable levels by time:
     D:2: 1937 daAuts
     D:1: 1835 daAuts
     D:3: 54 daAuts
